 Dungeon Crawl Stone Soup version 0.27.1-33-g824d729ab1 (webtiles) character file.

Game seed: 7877474350899328983

7 BoredOne the Sneak (level 1, 5/7 HPs)
             Began as a Felid Air Elementalist on Dec 6, 2021.
             Quit the game on level 1 of the Dungeon.
             The game lasted 00:02:11 (558 turns).

BoredOne the Sneak (Felid Air Elementalist)          Turns: 558, Time: 00:02:12

Health: 5/7        AC:  1    Str:  4    XL:     1   Next: 83%
Magic:  1/4        EV: 17    Int: 16    God:
Gold:   13         SH:  0    Dex: 16    Spells: 2/4 levels left
                                        Lives:  0   Deaths: 0

rFire    . . .     SeeInvis +   (weapon unavailable)
rCold    . . .     Faith    .   (shield unavailable)
rNeg     . . .     Spirit   .   (armour unavailable)
rPois    .         Reflect  .   (helmet unavailable)
rElec    .         Harm     .   (cloak unavailable)
rCorr    .         Rampage  .   (gloves unavailable)
Will     .....                  (boots unavailable)
Stlth    ++........             (no amulet)
HPRegen  0.02/turn              (no ring)
MPRegen  0.09/turn              (no ring)

@: quick
A: very small, claws 1, fangs 3, see invisible, speed 1, shaggy fur 1, stealthy
paws, no weapons or thrown items, no armour, multi-lived
a: no special abilities


You were on level 1 of the Dungeon.
You visited 1 branch of the dungeon, and saw 1 of its levels.

You collected 13 gold pieces.

Inventory:

Scrolls
 a - a scroll of teleportation {unknown}
Potions
 b - a potion of curing {unknown}
 c - a potion of degeneration {unknown}


   Skills:
 - Level 2.6 Dodging
 + Level 3.0 Stealth
 * Level 2.2 Spellcasting
 * Level 1.0 Conjurations
 - Level 2.7 Air Magic


You had 2 spell levels left.
You knew the following spells:

 Your Spells              Type           Power      Damage    Failure   Level
a - Shock                 Conj/Air       28%        1d4       10%         1
b - Magic Dart            Conj           20%        1d4       13%         1

Your spell library contained the following spells:

 Spells                   Type           Power      Damage    Failure   Level
 Static Discharge         Conj/Air       7%         N/A       14%         2
 Searing Ray              Conj           10%        3d3       21%         2
 Swiftness                Air            10%        N/A       21%         3
 Airstrike                Air            5%         N/A       54%         4
 Fulminant Prism          Conj/Hex       1%         3d6       85%         4


Dungeon Overview and Level Annotations

Branches:
Dungeon (1/15)

Altars:


Innate Abilities, Weirdness & Mutations

You have sharp claws.
You have razor-sharp teeth.
You have supernaturally acute eyesight. (SInv)
You cover ground quickly. (Speed+)
You are covered in fur. (AC +1)
Your paws help you pounce on unaware monsters.
You are incapable of wielding weapons or throwing items.
You cannot wear armour.
You gain extra lives every three experience levels.


Message History

Aim: a kobold, wielding a +0 dagger (100% to hit)
The magic dart hits the kobold.
The kobold is severely wounded.
Aiming: Magic Dart (safe; 13% risk of failure)
Press: ? - help, Q - select action, (/) - cycle Shift-Dir - straight line, f/p - kobold
Aim: a kobold, wielding a +0 dagger (severely wounded, 100% to hit)
The magic dart hits the kobold.
You kill the kobold!
You start resting.
Magic restored.
Found a ring mail.
You now have 13 gold pieces (gained 10).
Things that are here:
a +0 dagger; a kobold corpse As you open the door, it creaks loudly!
You hear a bark! x2
A jackal comes into view. x2
There are no items here.
The jackal misses you.
A jackal comes into view.
Unknown command.
There are no items here.
Aiming: Magic Dart (safe; 13% risk of failure)
Press: ? - help, Q - select action, (/) - cycle Shift-Dir - straight line, f - jackal
Aim: a jackal (100% to hit)
The magic dart hits the jackal but does no damage.
The jackal barely misses you.
Aiming: Magic Dart (safe; 13% risk of failure)
Press: ? - help, Q - select action, (/) - cycle Shift-Dir - straight line, f/p - jackal
Aim: a jackal (100% to hit)
The magic dart hits the jackal.
The jackal is heavily wounded.
The jackal completely misses you. The jackal closely misses you. x2
Aiming: Magic Dart (safe; 13% risk of failure)
Press: ? - help, Q - select action, (/) - cycle Shift-Dir - straight line, f/p - jackal
Aim: a jackal (heavily wounded, 100% to hit)
The magic dart hits the jackal.
The jackal is almost dead.
The jackal bites you. The jackal barely misses you.
The jackal completely misses you. The jackal closely misses you.
Are you sure you want to abandon this character and quit the game? (Confirm with "yes".)

.....'...#.# #......#.#.#.#..#
.....#####.####......#.#.#.##.#
.....†.......##......#.#.#.##.##
.............##......#.#.#.##..#.
.............++......#.#.#.###.#.
.............##......#.#.#.###...
.............##......#..)....†...
#.#+###########...............#..
#. #h@h...####.....#.. # ##h#####
#.....#.. #.. +.....+.. # ####
#.....#.> # #.....##. # #.....# .
# #.....# # #...[.# # #######


You could see 3 jackals.

Vanquished Creatures
  A bat (D:1)
  A giant cockroach (D:1)
  A hobgoblin (D:1)
  2 ball pythons (D:1)
  A kobold (D:1)
  A rat (D:1)
7 creatures vanquished.

Notes
Turn   | Place    | Note
-------+----------+-------------------------------------------
     0 | D:1      | BoredOne the Felid Air Elementalist began the quest for the
                  | Orb.
     0 | D:1      | Reached XP level 1. HP: 7/7 MP: 4/4
    10 | D:1      | Learned a level 1 spell: Magic Dart
   472 | D:1      | Reached skill level 1 in Conjurations
   474 | D:1      | Reached skill level 3 in Stealth
   558 | D:1      | Quit the game

Illustrated notes

Levels and vault maps discovered:
D:1:      minmay_arrival_split_and_join, layout_basic

Skill      XL: |  1 |
---------------+----+-----
Conjurations   | 1 |  1.0
Stealth        | 3 |  3.0
Dodging        | |  2.6
Spellcasting   | |  2.2
Air Magic      | |  2.7

Action                   || total
-------------------------++-------
Melee: Unarmed           ||     6
 Cast: Magic Dart        ||    22
Armor: Skin              ||     4
Dodge: Dodged            ||    26
